AoeStats
← TheQuietRiot

Enclosed

504429638Analyzed
1v1 RM · 28d ago on Sep 5, 2026· 50m 38s· 2 players
Game mode
Random Map
Map size
Tiny (2 player)
Population
200
Speed
Normal
Resources
Standard
Victory
Conquest
Starting age
Dark Age
Ending age
Imperial Age
RankedLock teamsTeams togetherTeam positionsShared explorationLock speedFull tech treeHidden civsTurbo modeCheats
Victory
Defeat
🇬🇧 Britons · United Kingdom
930
+16
🇩🇪 Vikings · Germany
938
-16
TheQuietRiot
9:14 Loom
11:30 Feudal Age
12:22 Double-Bit Axe
14:23 Fletching
15:17 Gold Mining
18:18 Stone Mining
19:39 Wheelbarrow
22:45 Castle Age
22:21 Padded Archer Armor
23:12 Crossbowman
23:55 Bodkin Arrow
24:19 Bow Saw
26:50 Gold Shaft Mining
30:04 Hand Cart
30:12 Ballistics
31:42 Town Watch
31:23 Light Cavalry
32:26 Horse Collar
33:28 Town Patrol
33:58 Forging
33:48 Scale Mail Armor
33:56 Scale Barding Armor
34:40 Husbandry
35:05 Leather Archer Armor
35:46 Heavy Plow
39:43 Imperial Age
41:28 Chemistry
40:50 Yeomen
40:16 Arbalester
43:29 Bracer
43:59 Ring Archer Armor
44:05 Iron Casting
45:06 Conscription
51:58 Blast Furnace
-
2:50 Loom
12:13 Feudal Age
16:30 Castle Age
15:30 Scale Mail Armor
15:46 Double-Bit Axe
15:44 Horse Collar
15:57 Horse Collar
17:46 Padded Archer Armor
18:56 Fletching
19:46 Elite Skirmisher
23:52 Bow Saw
23:47 Heavy Plow
29:39 Imperial Age
27:43 Forging
28:48 Leather Archer Armor
29:37 Bodkin Arrow
32:34 Bracer
33:29 Gold Mining
35:29 Ballistics
36:13 Conscription
37:00 Chain Mail Armor
38:41 Plate Mail Armor
38:45 Onager
41:14 Iron Casting
42:18 Chieftains
44:15 Blast Furnace
43:49 Ring Archer Armor
45:38 Gambesons
45:38 Arson
Connection lost

Rejoining the realm…

Still unreachable

The connection could not be restored.

Session expired

The server has moved on; the page needs a fresh start.